 Dungeon Crawl Stone Soup version 0.20.0-15-g7f486f2 (webtiles) character file.

52 Naow the Magician (level 3, -11/19 HPs)
             Began as a Deep Elf Fire Elementalist on June 16, 2017.
             Killed from afar by Naow's ghost (17 damage)
             ... with a flame tongue
             ... on level 3 of the Dungeon.
             The game lasted 00:02:46 (2621 turns).

Naow the Magician (Deep Elf Fire Elementalist)      Turns: 2621, Time: 00:02:46

Health: -11/19     AC:  2    Str:  5    XL:     3   Next: 60%
Magic:  10/10      EV: 13    Int: 20    God:
Gold:   93         SH:  0    Dex: 15    Spells: 9/10 levels left

rFire    . . .     SeeInvis .   q - +0 lajatang
rCold    . . .     Gourm    .   (shield currently unavailable)
rNeg     . . .     Faith    .   a - +0 robe
rPois    .         Spirit   .   (no helmet)
rElec    .         Reflect  .   (no cloak)
rCorr    .         Harm     .   (no gloves)
MR       .....                  (no boots)
Stlth    ++........             (no amulet)
Regen    0.1/turn               (no ring)
MPRegen  0.2/turn               (no ring)

@: no status effects
A: no striking features
a: no special abilities


You were on level 3 of the Dungeon.
You were not hungry.

You visited 1 branch of the dungeon, and saw 4 of its levels.

You collected 93 gold pieces.

Inventory:

Hand Weapons
 q - a +0 lajatang (weapon)
Armour
 a - a +0 robe (worn)
Scrolls
 d - a scroll of magic mapping {unknown}
 e - 2 scrolls of identify {unknown}
 k - a scroll of fear {unknown}
 l - a scroll of immolation {unknown}
 m - 3 scrolls of random uselessness {unknown}
 n - a scroll of remove curse {unknown}
 p - a scroll of fog {unknown}
 s - a scroll of recharging {unknown}
 t - 4 scrolls of teleportation {unknown}
Potions
 f - 3 potions of haste {unknown}
 g - a potion of lignification {unknown}
 h - a potion of mutation {unknown}
 i - 3 potions of curing {unknown}
 j - a potion of berserk rage {unknown}
Books
 b - a book of Flames

   Spells                             Type                      Level
   a - Flame Tongue                   Conjuration/Fire             1
   b - Throw Flame                    Conjuration/Fire             2
   c - Conjure Flame                  Conjuration/Fire             3
   d - Inner Flame                    Hexes/Fire                   3
   e - Sticky Flame                   Conjuration/Fire             4
   f - Fireball                       Conjuration/Fire             5
Comestibles
 c - a bread ration
 o - a meat ration


   Skills:
 - Level 2.4 Dodging
 - Level 2.4 Stealth
 + Level 4.1 Spellcasting
 + Level 2.8 Conjurations
 + Level 3.5 Fire Magic


You had 9 spell levels left.
You knew the following spells:

 Your Spells              Type           Power        Failure   Level  Hunger
a - Flame Tongue          Conj/Fire      ###..        3%          1    None


Dungeon Overview and Level Annotations

Branches:
Dungeon (4/15)
 Temple: D:4-7

Altars:
Qazlal

Annotations:
D:3 Naow's ghost, amateur DEFE; Sigmund


Message History

The orc priest begins to cast a cantrip, but forgets the words!
All of the chunks of flesh in your inventory have rotted away.
There is a stone staircase leading up here.
The orc wizard casts a spell at you. The puff of frost hits you!
Ouch! That really hurt!
* * * LOW HITPOINT WARNING * * *
You see here 21 arrows.
There is a stone staircase leading up here.
You climb upwards.
Level annotation: Naow's ghost, amateur DEFE; Sigmund
There is a stone staircase leading down here.
You see here 6 gold pieces.
You see here a dagger.
Naow's ghost ripples.
You see here a hand axe.
Naow's ghost casts a spell at you. The flame tongue hits you!
Ouch! That really hurt!
You die...

..# ....
.###########....
..../...........
#####..†>....###
#. # #..$.....#
#.### +..)....(#
..#. #..)W....#
... ###@###### #.
#.# # #.# ###+###
#.##########......
#.#[....<..'..<.@.
#.#.########......
#.#.# #<.....
#.#.# #......
#.#.# #......


You could see Naow's ghost.

Vanquished Creatures
  An adder (D:3)
  4 dart slugs
  An orc (D:3)
  A ball python (D:1)
  3 giant cockroaches
  8 goblins
  A hobgoblin (D:2)
  4 kobolds
  7 bats
  3 frilled lizards
  3 rats
36 creatures vanquished.

Notes
Turn   | Place    | Note
-------+----------+-------------------------------------------
     0 | D:1      | Naow the Deep Elf Fire Elementalist began the quest for the Orb.
     0 | D:1      | Reached XP level 1. HP: 10/10 MP: 6/6
   396 | D:1      | Reached XP level 2. HP: 13/15 MP: 3/8
  1250 | D:2      | Reached XP level 3. HP: 19/19 MP: 8/10
  1396 | D:2      | Reached skill level 4 in Spellcasting
  2401 | D:3      | Found a stormy altar of Qazlal.
  2402 | D:3      | Noticed Sigmund
  2402 | D:3      | Noticed Naow's ghost (amateur DEFE)
  2621 | D:3      | Killed from afar by Naow's ghost

Skill      XL: |  1  2  3 |
---------------+----------+-----
Conjurations   | 2 |  2.8
Spellcasting   | 4 |  4.1
Dodging        | |  2.4
Stealth        | |  2.4
Fire Magic     | |  3.5

Action                   || total
-------------------------++-------
Melee: Unarmed           ||     8
       Lajatang          ||     8
 Cast: Flame Tongue      ||    52
 Stab: Sleeping          ||     1
  Eat: Chunk             ||     5
Armor: Robe              ||     8
Dodge: Dodged            ||    32
